 Dungeon Crawl Stone Soup version 0.22-a0-422-g9628fc8 (webtiles) character file.

894 Falco the Covert (level 7, -3/35 HPs)
             Began as a Spriggan Assassin on May 22, 2018.
             Was a Follower of Okawaru.
             Slain by a killer bee (8 damage)
             ... on level 7 of the Dungeon.
             The game lasted 00:34:15 (6389 turns).

Falco the Covert (Spriggan Assassin)                Turns: 6389, Time: 00:34:16

Health: -3/35      AC:  3    Str:  8    XL:     7   Next: 78%
Magic:  8/8        EV: 18    Int: 13    God:    Okawaru [*.....]
Gold:   227        SH:  0    Dex: 18    Spells: 6/6 levels left

rFire    . . .     SeeInvis +   a - +2 short sword (flame)
rCold    . . .     Gourm    .   (shield restricted)
rNeg     . . .     Faith    +   c - +0 robe
rPois    .         Spirit   .   (helmet restricted)
rElec    .         Reflect  .   d - +0 cloak
rCorr    .         Harm     .   (gloves unavailable)
MR       +....                  (boots unavailable)
Stlth    +++++.....             u - amulet of faith
HPRegen  0.11/turn              (no ring)
MPRegen  0.11/turn              (no ring)

@: very quick
A: very small, unfitting armour, see invisible, herbivore, speed 3, slow
metabolism 2
a: Heroism, Renounce Religion


You were on level 7 of the Dungeon.
You worshipped Okawaru.
Okawaru was aware of your devotion.
You were not hungry.

You visited 1 branch of the dungeon, and saw 7 of its levels.

You collected 227 gold pieces.

Inventory:

Hand Weapons
 a - a +2 short sword of flaming (weapon)
 b - a +0 blowgun
Missiles
 e - 3 poisoned needles
 f - a curare-tipped needle
 s - 25 sling bullets
Armour
 c - a +0 robe (worn)
 d - a +0 cloak (worn)
Jewellery
 u - an amulet of faith (around neck)
Wands
 n - a wand of flame (13)
Scrolls
 i - a scroll of remove curse {unknown}
 j - a scroll of magic mapping {unknown}
 k - a scroll of blinking {unknown}
 l - a scroll of amnesia {unknown}
 o - 2 scrolls of teleportation {unknown}
 q - a scroll of noise {unknown}
 r - a scroll of immolation {unknown}
 t - a scroll of fear {unknown}
Potions
 m - a potion of cancellation
 p - 2 potions of magic
Comestibles
 g - 8 rations


   Skills:
 + Level 2.8 Fighting
 + Level 4.3 Short Blades
 + Level 4.2 Throwing
 + Level 3.1 Dodging
 + Level 11.0 Stealth
 + Level 1.2 Evocations


You had 6 spell levels left.
You didn't know any spells.
Your spell library was empty.

Dungeon Overview and Level Annotations

Branches:
Dungeon (7/15)
 Temple: D:4-7

Altars:
Ashenzari
Cheibriados
Dithmenos
Fedhas
Makhleb
Nemelex Xobeh
Okawaru
Sif Muna
Trog
The Shining One

Annotations:
D:3 Crimsoncloak's ghost, amateur OpCj


Innate Abilities, Weirdness & Mutations

You are very small and have problems with some larger weapons.
You are too small for most types of armour.
You have supernaturally acute eyesight. (SInv)
You are a herbivore.
You cover ground extremely quickly.
You need to consume almost no food.


Message History

* * * LOW HITPOINT WARNING * * *
You feel sick. The killer bee closely misses you.
* * * LOW HITPOINT WARNING * * *
You feel sick.
* * * LOW HITPOINT WARNING * * *
You feel sick.
You feel better. The killer bee misses you. The killer bee stings you!
* * * LOW HITPOINT WARNING * * *
Found a blossoming altar of Fedhas.
The killer bee misses you. The killer bee stings you.
* * * LOW HITPOINT WARNING * * *
You see here a helmet.
The killer bee misses you. The killer bee closely misses you.
There is a stone staircase leading down here.
The killer bee closely misses you. The killer bee stings you!
You die...

####.#########+###..
#.# #.......#.# #.#
#.......#.# #.#
#.......#.#####
##.#####.......†.....#
#....†.#.......#.###.#
#..###.#...>.$.#)#
#..###.#y......#..
#......@yy...######
#.####.#####.#
#.####.# #.# #......#
#.# ############.###
######.......[.#
#.......####.#.#
#..#.##y####.#.####.#
#.##...##...........


You could see 3 killer bees.

Vanquished Creatures
  An orc warrior (D:6)
  An ogre (D:3)
  2 centaurs
  2 bullfrogs
  A killer bee (D:7)
  A crimson imp (D:5)
  An orc priest (D:6)
  2 worker ants (D:5)
  A howler monkey skeleton (D:5)
  12 gnolls
  7 adders
  An ooze (D:1)
  4 worms
  3 dart slugs (D:1)
  3 leopard geckos
  An orc (D:6)
  2 ball pythons
  8 giant cockroaches
  4 goblins
  6 hobgoblins
  5 jackals
  7 bats
  4 frilled lizards
  6 kobolds
  9 rats
94 creatures vanquished.

Notes
Turn   | Place    | Note
-------+----------+-------------------------------------------
     0 | D:1      | Falco the Spriggan Assassin began the quest for the Orb.
     0 | D:1      | Reached XP level 1. HP: 10/10 MP: 2/2
    53 | D:1      | Reached skill level 6 in Stealth
   163 | D:1      | Reached XP level 2. HP: 5/15 MP: 3/3
   680 | D:1      | Found a glowing golden altar of the Shining One.
   844 | D:1      | Reached skill level 7 in Stealth
   905 | D:1      | Reached XP level 3. HP: 15/18 MP: 4/4
  1147 | D:2      | Reached XP level 4. HP: 15/23 MP: 5/5
  2098 | D:3      | Reached skill level 8 in Stealth
  2111 | D:3      | Noticed an ogre
  2214 | D:3      | Killed an ogre
  2214 | D:3      | Reached XP level 5. HP: 19/26 MP: 6/6
  2565 | D:3      | Noticed Crimsoncloak's ghost (amateur OpCj)
  3101 | D:3      | Reached skill level 9 in Stealth
  3173 | D:3      | Reached XP level 6. HP: 31/31 MP: 7/7
  3220 | D:3      | Found a deep blue altar of Sif Muna.
  3716 | D:4      | Found a bloodstained altar of Trog.
  3718 | D:4      | Found a shattered altar of Ashenzari.
  3718 | D:4      | Found a sparkling altar of Nemelex Xobeh.
  3721 | D:4      | Found a shadowy altar of Dithmenos.
  3817 | D:5      | Entered Level 5 of the Dungeon
  4132 | D:5      | Found an iron altar of Okawaru.
  4140 | D:5      | Became a worshipper of Warmaster Okawaru
  4851 | D:5      | Found a burning altar of Makhleb.
  4899 | D:5      | Found a snail-covered altar of Cheibriados.
  5342 | D:6      | Reached XP level 7. HP: 35/35 MP: 8/8
  5379 | D:6      | Reached * piety under Okawaru
  5379 | D:6      | Reached skill level 10 in Stealth
  6131 | D:7      | Reached skill level 1 in Evocations
  6347 | D:7      | Reached skill level 11 in Stealth
  6366 | D:7      | Found a blossoming altar of Fedhas.
  6389 | D:7      | Slain by a killer bee

Vault maps used:
D:1:      dpeg_arrival_stone_temple_mockup, tso_altar
D:2:      minmay_misc_feat_tower, minmay_misc_feat_enclosed
D:3:      led_sif_pool, hangedman_decor_push
D:4:      grunt_temple_overflow_open, minmay_fountain_box
D:5:      makhleb_grotto_becter, overflow_temple_1_default, cheibriados_altar_1,
          first_ration
D:6:      minmay_temple_entry_statues_pillars
D:7:      kennysheep_orc_sif_temple, lemuel_doored_altar, lemuel_round_altar

Skill      XL: |  1  2  3  4  5  6  7 |
---------------+----------------------+-----
Stealth        | 6 7 8 9 11 | 11.0
Fighting       | 2 |  2.8
Short Blades   | 3 4 |  4.3
Dodging        | 2 3 |  3.1
Throwing       | 3 4 |  4.2
Evocations     | 1 |  1.2

Action                   |  1- 3 |  4- 6 |  7- 9 || total
-------------------------+-------+-------+-------++-------
Melee: Dagger            |    61 |   129 |       ||   190
       Short sword       |       |    17 |    67 ||    84
 Fire: Blowgun           |    17 |    48 |       ||    65
Throw: Throwing net      |     2 |     3 |       ||     5
Invok: Heroism           |       |       |     1 ||     1
Evoke: Wand              |       |       |    18 ||    18
  Use: Scroll            |       |     7 |       ||     7
       Potion            |       |     3 |     1 ||     4
 Stab: Sleeping          |     9 |    25 |     6 ||    40
       Distracted        |       |     3 |       ||     3
       Held in net/web   |       |     2 |       ||     2
  Eat: Ration            |       |     1 |     1 ||     2
Armor: Robe              |     1 |    11 |     1 ||    13
Dodge: Dodged            |    35 |    97 |    49 ||   181

Table legend:
 A = Spawn XP
 B = Non-spawn XP
 C = Spawn XP percentage of total XP
 D = Spawn monster count
 E = Non-spawn monster count
 F = Spawn count percentage of total count
 G = Total turns spent on level
                    A         B        C        D         E        F      G
               +---------+---------+-------+---------+---------+-------+---------
         Total |       0 |    1278 |   0.0 |       0 |      94 |   0.0 |  6389
               +---------+---------+-------+---------+---------+-------+---------
           D:1 |       0 |      42 |   0.0 |       0 |      19 |   0.0 |   961
           D:2 |       0 |      99 |   0.0 |       0 |      20 |   0.0 |   979
           D:3 |       0 |     249 |   0.0 |       0 |      26 |   0.0 |  1444
           D:4 |       0 |      59 |   0.0 |       0 |       5 |   0.0 |   433
           D:5 |       0 |     246 |   0.0 |       0 |      10 |   0.0 |  1596
           D:6 |       0 |     395 |   0.0 |       0 |       7 |   0.0 |   712
           D:7 |       0 |     188 |   0.0 |       0 |       7 |   0.0 |   264
               +---------+---------+-------+---------+---------+-------+---------
